 Dungeon Crawl Stone Soup version 0.25-a0-566-g062765be81 (webtiles) character file.

Game seed: 13954885512033727261, levelgen mode: deterministic

716 kae the Cutter (level 8, -3/41 HPs)
             Began as a Kobold Enchanter on Feb 27, 2020.
             Slain by Menkaure (14 damage)
             ... on level 4 of the Dungeon.
             The game lasted 00:05:59 (5564 turns).

kae the Cutter (Kobold Enchanter)                   Turns: 5564, Time: 00:06:00

Health: -3/41      AC: 10    Str:  5    XL:     8   Next: 1%
Magic:  11/14      EV: 15    Int: 19    God:
Gold:   195        SH:  0    Dex: 15    Spells: 3/15 levels left

rFire    . . .     SeeInvis .   n - +1 short sword (protect)
rCold    . . .     Gourm    .   (shield restricted)
rNeg     . . .     Faith    .   b - +0 robe
rPois    .         Spirit   .   (no helmet)
rElec    .         Reflect  .   f - +0 cloak
rCorr    .         Harm     .   (no gloves)
MR       .....                  (no boots)
Stlth    +++.......             (no amulet)
HPRegen  0.13/turn              (no ring)
MPRegen  0.14/turn              (no ring)

@: confusing touch, protection aura
A: small, carnivore
a: no special abilities


You were on level 4 of the Dungeon.
You were very full.

You visited 1 branch of the dungeon, and saw 4 of its levels.

You collected 195 gold pieces.

Inventory:

Hand Weapons
 a - a +1 dagger
 n - a +1 short sword of protection (weapon)
Armour
 b - a +0 robe (worn)
 f - a +0 cloak (worn)
Wands
 l - a wand of iceblast (8)
Scrolls
 c - 3 scrolls of magic mapping
 h - 4 scrolls of remove curse
 i - a scroll of noise
 k - 4 scrolls of identify
Potions
 e - 2 potions of mutation
 g - 2 potions of curing
 j - 2 potions of might
 m - 2 potions of lignification
 o - a potion of invisibility {unknown}
Comestibles
 d - 6 rations


   Skills:
 * Level 6.8 Short Blades
 - Level 2.4 Dodging
 + Level 6.7 Stealth
 + Level 4.1 Spellcasting
 + Level 4.7 Hexes


You had 3 spell levels left.
You knew the following spells:

 Your Spells              Type           Power        Failure   Level  Hunger
a - Corona                Hex            ###....      1%          1    None
b - Ensorcelled Hibernat  Hex/Ice        ##....       8%          2    ##.....
c - Confusing Touch       Hex            ###.....     6%          3    ###....
d - Tukima's Dance        Hex            ###.....     6%          3    ###....
e - Dazzling Flash        Conj/Hex       ##....       16%         3    ###....

Your spell library contained the following spells:

 Spells                   Type           Power        Failure   Level  Hunger


Dungeon Overview and Level Annotations

Branches:
Dungeon (4/15)
 Temple: D:4-7

Altars:
Qazlal
The Shining One

Shops:
D:4 (

Annotations:
D:4 Menkaure


Innate Abilities, Weirdness & Mutations

You are small and have problems with some larger weapons.
You are carnivorous and can eat meat at any time.


Message History

You are too injured to fight recklessly!
You are too injured to fight recklessly!
You are too injured to fight recklessly!
You are too injured to fight recklessly!
You closely miss Menkaure.
Menkaure is heavily damaged.
You hit Menkaure.
Menkaure is heavily damaged.
Menkaure closely misses you.
You hit Menkaure but do no damage.
Menkaure is heavily damaged.
Menkaure hits you!
* * * LOW HITPOINT WARNING * * *
You feel better.
You feel better. Menkaure hits you!
* * * LOW HITPOINT WARNING * * *
Casting: Confusing Touch (safe; 6% risk of failure)
Confirm with . or Enter, or press ? or * to list all spells.
Your hands begin to glow red.
Menkaure hits you!
You die...

#.....⌠.⌠............
#......∩.........8.8.
#.....⌠.⌠............
#........####........
######........####........
((..##........#...#.......
..#.##..........#.........
..#.#########.##.##.......
..#......# #.#.@.#.......#
≈≈###....# #.##M##.......## .≈#
#....#####..#...........#.# ≈≈#
#....#.. ...............#.# ###
#....#.####.............#.#
#####....#..................#.#
............................#.#
..............##............#.#
...............<............#.#


You could see Menkaure.

Vanquished Creatures
  Grinder (D:3)
  Sigmund (D:2)
  Blork the orc (D:4)
  A hound (D:4)
  Jessica (D:2)
  An orc wizard (D:3)
  Natasha (D:3)
  An iguana (D:4)
  A worker ant (D:4)
  Robin (D:3)
  4 adders
  5 worms
  A dart slug (D:3)
  3 leopard geckos
  2 orcs (D:3)
  3 giant cockroaches
  16 goblins
  9 hobgoblins
  4 jackals (D:4)
  6 kobolds
  2 quokkas
  7 bats
  5 frilled lizards
  2 rats (D:1)
79 creatures vanquished.

Vanquished Creatures (others)
  2 goblins (D:3)
2 creatures vanquished.

Grand Total: 81 creatures vanquished

Notes
Turn   | Place    | Note
-------+----------+-------------------------------------------
     0 | D:1      | kae the Kobold Enchanter began the quest for the Orb.
     0 | D:1      | Reached XP level 1. HP: 10/10 MP: 3/3
   628 | D:1      | Reached XP level 2. HP: 7/15 MP: 3/5
   790 | D:1      | Learned a level 2 spell: Ensorcelled Hibernation
  1688 | D:1      | Reached XP level 3. HP: 18/19 MP: 1/6
  2602 | D:2      | Noticed Jessica
  2613 | D:2      | Killed Jessica
  2613 | D:2      | Reached XP level 4. HP: 22/24 MP: 4/8
  2770 | D:2      | Noticed Sigmund
  2776 | D:2      | Killed Sigmund
  2776 | D:2      | Reached skill level 5 in Stealth
  2776 | D:2      | Reached XP level 5. HP: 25/28 MP: 6/10
  2776 | D:2      | Reached XP level 6. HP: 28/32 MP: 6/11
  3038 | D:2      | Learned a level 3 spell: Confusing Touch
  3042 | D:2      | Learned a level 3 spell: Tukima's Dance
  3088 | D:3      | Noticed Grinder
  3222 | D:3      | Reached skill level 5 in Short Blades
  3317 | D:3      | Noticed Robin
  3360 | D:3      | Killed Robin
  3375 | D:3      | Found a stormy altar of Qazlal.
  3534 | D:3      | Noticed Natasha
  3541 | D:3      | Killed Natasha
  3734 | D:3      | Found a glowing golden altar of the Shining One.
  4626 | D:3      | Killed Grinder
  4626 | D:3      | Reached XP level 7. HP: 8/36 MP: 3/12
  5050 | D:4      | Learned a level 3 spell: Dazzling Flash
  5431 | D:4      | Noticed Blork the orc
  5443 | D:4      | Killed Blork the orc
  5443 | D:4      | Reached XP level 8. HP: 41/41 MP: 11/14
  5498 | D:4      | Found Dalasad's Weapon Shoppe.
  5537 | D:4      | Noticed Menkaure
  5564 | D:4      | Slain by Menkaure

Levels and vault maps discovered:
D:1:      wander_arrival_peaceful_grave, layout_basic, roderic_lattice_a
D:2:      layout_loops_ring, minmay_parallelograms, uniq_sigmund, uniq_jessica
D:3:      layout_basic, lemuel_doored_altar, grunt_qazlal_clouds, uniq_natasha,
          uniq_robin, uniq_grinder
D:4:      layout_basic, eat_drink_and_be_merry_uskayaw, serial_shops,
          shop_fountains, grunt_decor_one_mirror, minmay_goblin_outpost,
          uniq_blork_the_orc, uniq_menkaure

Skill      XL: |  1  2  3  4  5  6  7 |
---------------+----------------------+-----
Short Blades   | 2 3 4 6 |  6.8
Stealth        | 5 6 |  6.7
Spellcasting   | 3 4 |  4.1
Hexes          | 4 |  4.7
Dodging        | |  2.4

Action                   |  1- 3 |  4- 6 |  7- 9 || total
-------------------------+-------+-------+-------++-------
Melee: Dagger            |   140 |   164 |    74 ||   378
       Short sword       |       |       |    30 ||    30
 Cast: Corona            |     3 |     1 |       ||     4
       Ensorcelled Hiber |     9 |    27 |     9 ||    45
       Confusing Touch   |       |     2 |     2 ||     4
  Use: Scroll            |     5 |       |     3 ||     8
       Potion            |       |     3 |     2 ||     5
 Stab: Sleeping          |    15 |    15 |     6 ||    36
       Confused          |       |     2 |       ||     2
  Eat: Chunk             |    12 |     9 |     3 ||    24
Armor: Robe              |    11 |    25 |    14 ||    50
Dodge: Dodged            |   112 |   107 |    68 ||   287

Table legend:
 A = Non-vault XP
 B = Vault XP
 C = Vault XP percentage of total XP
 D = Non-vault monster count
 E = Vault monster count
 F = Vault count percentage of total count
                 A         B        C        D         E       F
            +---------+---------+-------+---------+---------+-------
      Total |     316 |     708 |  69.1 |      64 |      15 |  19.0
            +---------+---------+-------+---------+---------+-------
        D:1 |      41 |       0 |   0.0 |      24 |       0 |   0.0
        D:2 |      31 |     264 |  89.5 |       8 |       2 |  20.0
        D:3 |     120 |     340 |  73.9 |      23 |      10 |  30.3
        D:4 |     124 |     104 |  45.6 |       9 |       3 |  25.0
            +---------+---------+-------+---------+---------+-------
